[Event "ESTCC U65 2018"]
[Site "Walbrzych"]
[Date "2018.04.21"]
[Round "8"]
[White "Carlsten, Peter"]
[Black "Meskanen, Vesa"]
[Result "1/2-1/2"]
[ECO "B75"]
[WhiteElo "2010"]
[BlackElo "2066"]
[Annotator "NA"]
[PlyCount "69"]
[EventDate "2018.??.??"]
[EventCountry "POL"]
[SourceTitle "playchess.com"]
[Source "ChessBase"]
[SourceQuality "1"]
[WhiteTeam "Sweden"]
[BlackTeam "Finland"]
[WhiteTeamCountry "SWE"]
[BlackTeamCountry "FIN"]
[TimeControl "40/5400+30:1800+30"]

1. e4 c5 2. Nf3 d6 3. d4 cxd4 4. Nxd4 Nf6 5. Nc3 g6 6. Be3 Bg7 7. f3 Nc6 8. Qd2 h5 {[%emt 0:01:01] LiveBook: 73 Games} 9. O-O-O Bd7 10. Kb1 a6 11. a3 b5 12. Be2 Ne5 13. h3 Rb8 14. f4 Nc4 $14 15. Bxc4 bxc4 16. Qe2 Qc7 17. Bc1 e5 18. Nf3 O-O 19. fxe5 dxe5 20. Rhf1 Qa5 21. Ka2 Rb7 22. Ng5 Rfb8 23. Nd5 c3 24. b3 Nxd5 25. Rxd5 Bb5 26. Qf3 Qc7 27. Rfd1 Bc6 28. Rc5 Rb5 29. Rxc6 Qxc6 30. Qxf7+ Kh8 31. Rd7 Qf6 32. Qc4 Rf8 33. Nf7+ Kh7 34. Ng5+ Kh8 35. Nf7+ 1/2-1/2

[Event "ESTCC U65 2018"]
[Site "Walbrzych"]
[Date "2018.04.21"]
[Round "8"]
[White "Wademark, Helge"]
[Black "Patola, Eero"]
[Result "1-0"]
[ECO "B01"]
[WhiteElo "2005"]
[BlackElo "1823"]
[Annotator "NA"]
[PlyCount "143"]
[EventDate "2018.??.??"]
[EventCountry "POL"]
[SourceTitle "playchess.com"]
[Source "ChessBase"]
[SourceQuality "1"]
[WhiteTeam "Sweden"]
[BlackTeam "Finland"]
[WhiteTeamCountry "SWE"]
[BlackTeamCountry "FIN"]
[TimeControl "40/5400+30:1800+30"]

1. e4 d5 2. exd5 Nf6 3. Bb5+ Bd7 4. Bc4 b5 5. Bb3 Bg4 6. f3 Bc8 7. d4 Nxd5 8. Ne2 e6 9. O-O Bd6 10. Nbc3 Nxc3 11. Nxc3 O-O 12. Nxb5 Ba6 13. Bc4 Bxb5 14. Bxb5 Qh4 $16 (14... c6 $142 15. Bd3 Nd7) 15. f4 Rd8 16. Qf3 c6 17. Bd3 a5 18. c3 Ra7 19. Be3 Rc7 20. Rad1 Nd7 21. g3 Qe7 22. a3 Nf6 23. f5 Rb8 24. Bc1 c5 25. fxe6 Qxe6 26. d5 Qg4 27. c4 Qxf3 28. Rxf3 Re7 29. Rff1 Ng4 30. Rde1 Rxe1 31. Rxe1 Ne5 32. Be2 f6 33. Kf2 Kf7 34. Ke3 g6 35. Kd2 Nd7 36. Kc2 Be5 37. Bd3 Rb6 38. b3 a4 39. bxa4 Ra6 40. Kb3 Rb6+ 41. Ka2 Ra6 42. Bc2 Nb6 43. Bb3 Nxa4 44. Bxa4 Rxa4 45. Re4 Ke7 46. Bb2 Kd6 47. Bxe5+ fxe5 48. Kb3 Ra7 49. Re2 Rb7+ 50. Kc3 Ra7 51. Ra2 e4 52. a4 Ra5 53. Kd2 Ke5 54. Ke3 h5 55. h3 Kf5 56. g4+ hxg4 57. hxg4+ Ke5 58. Ra1 Ra8 59. a5 Rh8 60. a6 Rh3+ 61. Kf2 Rh2+ 62. Kg3 Rh8 63. a7 Ra8 64. Kf2 Kd4 65. d6 Kd3 66. d7 Kd2 67. Ra2+ Kd3 68. d8=Q+ Rxd8 69. a8=Q e3+ 70. Ke1 Rxa8 71. Rxa8 Kxc4 72. Rd8 {[%emt 0:00:06] Kd5} 1-0

[Event "ESTCC U65 2018"]
[Site "Walbrzych"]
[Date "2018.04.21"]
[Round "8"]
[White "Tichatschke, Wolfgang"]
[Black "Jorgensen, Arne Bjorn"]
[Result "1/2-1/2"]
[ECO "C10"]
[WhiteElo "1967"]
[BlackElo "1956"]
[Annotator "NA"]
[PlyCount "28"]
[EventDate "2018.??.??"]
[EventCountry "POL"]
[SourceTitle "playchess.com"]
[Source "ChessBase"]
[SourceQuality "1"]
[WhiteTeam "Germany"]
[BlackTeam "Denmark"]
[WhiteTeamCountry "GER"]
[BlackTeamCountry "DEN"]
[TimeControl "40/5400+30:1800+30"]

1. e4 e6 2. d4 d5 3. Nc3 dxe4 4. Nxe4 Be7 5. c3 Nd7 6. Nf3 Ngf6 7. Nxf6+ Nxf6 8. Bg5 O-O 9. Bd3 b6 10. O-O Bb7 11. Re1 h6 12. Bh4 Rc8 13. Bxf6 Bxf6 14. Be4 Ra8 1/2-1/2

[Event "ESTCC U65 2018"]
[Site "Walbrzych"]
[Date "2018.04.21"]
[Round "8"]
[White "Lehtosaari, Kalevi"]
[Black "Baum, Bernd"]
[Result "0-1"]
[ECO "D35"]
[WhiteElo "1964"]
[BlackElo "2290"]
[Annotator "NA"]
[PlyCount "82"]
[EventDate "2018.??.??"]
[EventCountry "POL"]
[SourceTitle "playchess.com"]
[Source "ChessBase"]
[SourceQuality "1"]
[WhiteTeam "Finland"]
[BlackTeam "Germany"]
[WhiteTeamCountry "FIN"]
[BlackTeamCountry "GER"]
[TimeControl "40/5400+30:1800+30"]

1. c4 e6 2. Nc3 d5 3. d4 Nf6 4. Bf4 c6 {[%emt 0:06:41] LiveBook: 14 Games} 5. e3 Nbd7 6. Nf3 Be7 7. Bd3 Nh5 8. Bg3 Nxg3 9. hxg3 Nf6 10. Qc2 h6 11. Ne5 Bd6 12. O-O-O $11 (12. f4 $14) 12... Bxe5 13. dxe5 Ng4 14. cxd5 exd5 15. Rh5 Qe7 16. Nxd5 cxd5 17. Bb5+ Kf8 18. Rxd5 Be6 19. Rc5 g6 20. Rh4 Kg7 21. Rc7 Qxc7 22. Qxc7 Rac8 23. Qxc8 Rxc8+ 24. Kd2 g5 25. Rh1 Nxf2 26. Re1 a6 27. Ba4 Ne4+ 28. Ke2 Bg4+ 29. Kf1 Nxg3+ 30. Kf2 Ne4+ 31. Kg1 Be6 32. a3 Nc5 33. Bc2 Nd7 34. Be4 Rc7 35. Rd1 Nxe5 36. Bd5 Rd7 37. e4 f5 38. Rc1 Bxd5 39. exd5 Rxd5 40. Rc7+ Rd7 41. Rc5 Kf6 0-1

[Event "ESTCC U65 2018"]
[Site "Walbrzych"]
[Date "2018.04.21"]
[Round "8"]
[White "Kauko, Pekka"]
[Black "Vehkalahti, Veli"]
[Result "1-0"]
[ECO "A11"]
[WhiteElo "1961"]
[BlackElo "1880"]
[Annotator "NA"]
[PlyCount "113"]
[EventDate "2018.??.??"]
[EventCountry "POL"]
[SourceTitle "playchess.com"]
[Source "ChessBase"]
[SourceQuality "1"]
[WhiteTeam "Finland"]
[BlackTeam "Finland"]
[WhiteTeamCountry "FIN"]
[BlackTeamCountry "FIN"]
[TimeControl "40/5400+30:1800+30"]

1. c4 c6 2. g3 d5 3. d4 Nf6 4. Bg2 g6 5. Nc3 Bg7 6. Nf3 O-O 7. O-O Bg4 8. Ne5 Be6 9. Qb3 b6 10. Qa4 dxc4 11. Nxc6 Nxc6 12. Bxc6 $11 Rc8 13. Bf3 a5 14. Rd1 Bd7 15. Qc2 b5 16. a3 Qb6 17. Be3 Qb8 18. Qd2 Rfd8 19. Bf4 Qb6 20. e4 Bg4 21. Bxg4 Nxg4 22. Nd5 Qa7 23. Qe2 Nf6 24. Nxf6+ exf6 25. d5 Bf8 26. Qf3 Bc5 27. Rac1 Bd4 28. Rc2 b4 29. axb4 axb4 30. Rcd2 Be5 31. Bxe5 fxe5 32. Rc2 Rc5 33. Rdc1 Qc7 34. Qf6 Rb8 35. b3 Rb6 36. Qg5 c3 37. Ra1 Kg7 38. Rca2 h6 39. Qe3 Rcb5 40. Qd3 Qd6 41. Ra5 Rxa5 42. Rxa5 Qc7 43. Qe3 Qb7 44. Qc5 Ra6 45. Rb5 Qxb5 46. Qxb5 Ra1+ 47. Kg2 c2 48. d6 c1=Q 49. Qxe5+ Kh7 50. Qe7 Qc6 51. Qxf7+ Kh8 52. Qf6+ Kh7 53. Qxa1 Qxe4+ 54. Kg1 Qb7 55. Qe5 Qf3 56. Qe6 h5 57. d7 1-0

[Event "ESTCC U65 2018"]
[Site "Walbrzych"]
[Date "2018.04.21"]
[Round "8"]
[White "Mortensen, Steen Juul"]
[Black "Baumbach, Friedrich"]
[Result "1/2-1/2"]
[ECO "E06"]
[WhiteElo "1940"]
[BlackElo "2172"]
[Annotator "NA"]
[PlyCount "21"]
[EventDate "2018.??.??"]
[EventCountry "POL"]
[SourceTitle "playchess.com"]
[Source "ChessBase"]
[SourceQuality "1"]
[WhiteTeam "Denmark"]
[BlackTeam "Germany"]
[WhiteTeamCountry "DEN"]
[BlackTeamCountry "GER"]
[TimeControl "40/5400+30:1800+30"]

1. d4 d5 2. Nf3 Nf6 3. c4 e6 4. g3 Be7 5. Bg2 O-O 6. Qc2 b6 7. O-O Bb7 8. cxd5 Nxd5 9. Nc3 Nd7 10. Nxd5 exd5 11. Bf4 1/2-1/2

[Event "ESTCC U65 2018"]
[Site "Walbrzych"]
[Date "2018.04.21"]
[Round "8"]
[White "Nilsson, Christer"]
[Black "Lindholm, Pertti"]
[Result "1/2-1/2"]
[ECO "B92"]
[WhiteElo "1931"]
[BlackElo "1624"]
[Annotator "NA"]
[PlyCount "76"]
[EventDate "2018.??.??"]
[EventCountry "POL"]
[SourceTitle "playchess.com"]
[Source "ChessBase"]
[SourceQuality "1"]
[WhiteTeam "Sweden"]
[BlackTeam "Finland"]
[WhiteTeamCountry "SWE"]
[BlackTeamCountry "FIN"]
[TimeControl "40/5400+30:1800+30"]

1. e4 c5 2. Nf3 d6 3. d4 cxd4 4. Nxd4 Nf6 5. Nc3 a6 6. Be2 e5 7. Nb3 Be6 8. f4 Nc6 9. f5 Bxb3 10. axb3 Be7 11. Be3 O-O 12. O-O Rc8 13. g4 Ne8 14. Qd2 $16 g6 15. Kh1 Bh4 16. Bh6 Ng7 17. Bc4 Nd4 18. Nd5 Re8 19. f6 Nge6 20. Ra3 Nxc2 21. Qxc2 b5 22. Rxa6 bxc4 23. bxc4 Nd4 24. Qd3 Rb8 25. b4 Qc8 26. Qh3 Qxa6 27. Qxh4 Qxc4 28. Qe1 Nc6 29. Rf3 Nd4 30. Rc3 Qa2 31. Bd2 Qa7 32. Qe3 Qa6 33. Kg2 Ne6 34. Kf2 Ra8 35. Qh6 Qa7+ 36. Be3 Qa2+ 37. Bd2 Qa7+ 38. Be3 Qa2+ 1/2-1/2

[Event "ESTCC U65 2018"]
[Site "Walbrzych"]
[Date "2018.04.21"]
[Round "8"]
[White "Gustavsson, Bo"]
[Black "Giulian, Philip M"]
[Result "1/2-1/2"]
[ECO "A06"]
[WhiteElo "1915"]
[BlackElo "2124"]
[Annotator "NA"]
[PlyCount "30"]
[EventDate "2018.??.??"]
[EventCountry "POL"]
[SourceTitle "playchess.com"]
[Source "ChessBase"]
[SourceQuality "1"]
[WhiteTeam "Sweden"]
[BlackTeam "Scotland"]
[WhiteTeamCountry "SWE"]
[BlackTeamCountry "SCO"]
[TimeControl "40/5400+30:1800+30"]

1. Nf3 d5 2. d4 e6 3. Bf4 Bd6 4. Bg3 Nf6 5. e3 O-O 6. c4 c5 7. Bxd6 Qxd6 8. dxc5 Qxc5 9. Qd4 Qb4+ 10. Qc3 Nc6 11. a3 Qxc3+ 12. Nxc3 dxc4 13. Bxc4 a6 14. Bd3 Rd8 15. Ke2 e5 $14 1/2-1/2

[Event "ESTCC U65 2018"]
[Site "Walbrzych"]
[Date "2018.04.21"]
[Round "8"]
[White "Marks, Ian A"]
[Black "Andersson, Kenneth"]
[Result "1-0"]
[ECO "D15"]
[WhiteElo "1895"]
[BlackElo "1763"]
[Annotator "NA"]
[PlyCount "63"]
[EventDate "2018.??.??"]
[EventCountry "POL"]
[SourceTitle "playchess.com"]
[Source "ChessBase"]
[SourceQuality "1"]
[WhiteTeam "Scotland"]
[BlackTeam "Sweden"]
[WhiteTeamCountry "SCO"]
[BlackTeamCountry "SWE"]
[TimeControl "40/5400+30:1800+30"]

1. d4 d5 2. c4 c6 3. Nf3 Nf6 4. Nc3 Bf5 5. cxd5 Nxd5 6. Nd2 Nxc3 7. bxc3 e6 8. e4 Bg6 9. Bd3 Be7 10. O-O Nd7 11. f4 h6 12. Qe2 O-O 13. Nf3 b5 14. Kh1 a6 15. Be3 Re8 16. Rad1 Rc8 $16 17. Ne5 Nxe5 18. dxe5 Qc7 19. f5 exf5 20. exf5 Bh7 21. f6 Bxd3 22. Rxd3 Bf8 23. Bxh6 Qxe5 24. Re3 Qb8 25. Bxg7 Rxe3 26. Qxe3 Bxg7 27. Qg5 Kf8 28. Qxg7+ Ke8 29. Qg8+ Kd7 30. Qxf7+ Kd6 31. Qe7+ Kd5 32. Ra1 1-0

[Event "ESTCC U65 2018"]
[Site "Walbrzych"]
[Date "2018.04.21"]
[Round "8"]
[White "Karppinen, Martti"]
[Black "Rantanen, Veikko"]
[Result "1/2-1/2"]
[ECO "A38"]
[WhiteElo "1894"]
[BlackElo "2007"]
[Annotator "NA"]
[PlyCount "100"]
[EventDate "2018.??.??"]
[EventCountry "POL"]
[SourceTitle "playchess.com"]
[Source "ChessBase"]
[SourceQuality "1"]
[WhiteTeam "Finland"]
[BlackTeam "Finland"]
[WhiteTeamCountry "FIN"]
[BlackTeamCountry "FIN"]
[TimeControl "40/5400+30:1800+30"]

1. c4 Nf6 2. Nc3 g6 3. g3 Bg7 4. Bg2 c5 5. Nf3 Nc6 {[%emt 0:00:09] LiveBook: 1646 Games} 6. O-O O-O 7. d3 d6 8. Bg5 Rb8 9. Qd2 a6 10. Bh6 b5 11. Bxg7 Kxg7 12. a3 Na5 13. Rab1 bxc4 14. Nh4 $19 cxd3 15. exd3 Nb3 16. Qe3 Nd4 17. Nd5 Nxd5 18. Bxd5 Bb7 19. Bg2 Bxg2 20. Kxg2 Rb3 21. Rfd1 Qc7 22. Rdc1 Rfb8 23. Qxd4+ e5 24. Qc4 Qc6+ 25. Kg1 R8b5 26. Ng2 Qf3 27. Ne1 Qf6 28. Kg2 Qe7 29. Nc2 Qf6 30. Ne3 Qe6 31. Qxe6 fxe6 32. Nc4 Rxd3 33. Rd1 Rxd1 34. Rxd1 d5 35. Nxe5 Rxb2 36. Nd3 Rb5 37. Nf4 Kf6 38. Re1 Rb6 39. h4 c4 40. Rd1 Rc6 41. Kf3 h6 42. Ke3 g5 43. hxg5+ hxg5 44. Ne2 Rb6 45. a4 Rb3+ 46. Kd4 Ra3 47. f4 gxf4 48. Nxf4 Rxa4 49. Nxd5+ exd5 50. Kxd5 Ra3 1/2-1/2

[Event "ESTCC U65 2018"]
[Site "Walbrzych"]
[Date "2018.04.21"]
[Round "8"]
[White "Auvinen, Esa"]
[Black "Grahn, Lars"]
[Result "0-1"]
[ECO "B03"]
[WhiteElo "1888"]
[BlackElo "1949"]
[Annotator "NA"]
[PlyCount "54"]
[EventDate "2018.??.??"]
[EventCountry "POL"]
[SourceTitle "playchess.com"]
[Source "ChessBase"]
[SourceQuality "1"]
[WhiteTeam "Finland"]
[BlackTeam "Sweden"]
[WhiteTeamCountry "FIN"]
[BlackTeamCountry "SWE"]
[TimeControl "40/5400+30:1800+30"]

1. e4 Nf6 2. e5 Nd5 3. c4 Nb6 4. d4 d6 5. exd6 exd6 6. Nf3 Bg4 7. Bd3 Be7 {[%emt 0:01:35] LiveBook: 12 Games} 8. Nc3 O-O 9. O-O Nc6 10. Be3 Bf6 11. c5 {[%emt 0:00:36] B03: Alekhine's Defence: Four Pawns Attack} (11. h3 Bh5 12. b3 d5 13. c5 Nc8 14. Re1 Bxf3 15. Qxf3 N8e7 16. Rad1 b6 17. Ne2 bxc5 18. dxc5 Ne5 {½-½ (108) Lewicki,M (2404)-Psyk,R (2222) Bialystok 2017}) 11... dxc5 12. dxc5 Bxf3 13. gxf3 $146 ({Find the theoretical novelty and annotate with similar games:} 13. Qxf3 Qxd3 14. cxb6 cxb6 15. Rad1 Qc4 16. Ne4 Qxa2 17. Nxf6+ gxf6 18. Bh6 Ne5 19. Qxf6 {1-0 (26) Beerdsen,T-Ozdemir,S Rijswijk 2009}) 13... Bxc3 14. cxb6 Bxb2 15. bxc7 Qxc7 16. Rb1 $15 Be5 17. h3 Rad8 18. Qc2 h6 19. Be4 Bd4 20. Bxd4 Rxd4 21. Rfc1 Rd6 22. Qb3 Rb8 23. Rc3 Qd7 24. Rbc1 Rd8 25. Kg2 Nd4 26. Qb2 Ne6 27. Qxb7 Nf4+ 0-1

[Event "ESTCC U65 2018"]
[Site "Walbrzych"]
[Date "2018.04.21"]
[Round "8"]
[White "Dalling, Peter"]
[Black "White, Alastair F"]
[Result "0-1"]
[ECO "A00"]
[WhiteElo "1844"]
[BlackElo "2069"]
[Annotator "NA"]
[PlyCount "60"]
[EventDate "2018.??.??"]
[EventCountry "POL"]
[SourceTitle "playchess.com"]
[Source "ChessBase"]
[SourceQuality "1"]
[WhiteTeam "Sweden"]
[BlackTeam "Scotland"]
[WhiteTeamCountry "SWE"]
[BlackTeamCountry "SCO"]
[TimeControl "40/5400+30:1800+30"]

1. Nc3 d5 2. e4 d4 3. Nb1 Nc6 4. Bc4 Nf6 5. d3 e5 6. Nf3 Bd6 7. Bg5 h6 8. Bd2 Qe7 9. h3 a6 10. a4 Bd7 11. a5 O-O-O 12. c3 Bc5 13. Qb3 Rhf8 $15 14. cxd4 exd4 15. Na3 g5 16. O-O-O Bxa3 17. bxa3 Qc5 18. Kb2 Nxa5 19. Bxa5 Qxa5 20. Rc1 Ba4 21. Qa2 Nd7 22. Bxf7 Nc5 23. Bc4 Rf6 24. e5 Rb6+ 25. Ka1 Bb3 26. Bxb3 Nxb3+ 27. Kb2 Nxc1+ 28. Kxc1 Qc3+ 29. Kd1 Rb2 30. Qe6+ Kb8 0-1

[Event "ESTCC U65 2018"]
[Site "Walbrzych"]
[Date "2018.04.21"]
[Round "8"]
[White "Fitzke, Ulrich"]
[Black "Andersson, Finn"]
[Result "1-0"]
[ECO "A33"]
[WhiteElo "1827"]
[BlackElo "1719"]
[Annotator "NA"]
[PlyCount "115"]
[EventDate "2018.??.??"]
[EventCountry "POL"]
[SourceTitle "playchess.com"]
[Source "ChessBase"]
[SourceQuality "1"]
[WhiteTeam "Germany"]
[BlackTeam "Denmark"]
[WhiteTeamCountry "GER"]
[BlackTeamCountry "DEN"]
[TimeControl "40/5400+30:1800+30"]

1. d4 e6 2. c4 Nf6 3. Nc3 c5 4. Nf3 cxd4 5. Nxd4 Nc6 6. e3 d5 7. cxd5 Nxd5 8. Nxc6 bxc6 9. Bd2 Bd6 10. Be2 O-O 11. Rc1 Rb8 12. Nxd5 cxd5 13. Bc3 Bb4 14. Qd4 Bxc3+ 15. Qxc3 Qb6 16. b3 $11 Ba6 17. Qb2 Qb4+ 18. Qd2 Qxd2+ 19. Kxd2 Bxe2 20. Kxe2 Rfc8 21. Kd3 Kf8 22. Rc3 Rxc3+ 23. Kxc3 Ke7 24. Kd2 Rc8 25. Rc1 Rxc1 26. Kxc1 Kd6 27. Kc2 e5 28. Kc3 Kc5 29. b4+ Kb5 30. Kb3 a5 31. a4+ Kb6 32. b5 Kc5 33. Kc3 Kb6 34. h4 h5 35. f3 Kc5 36. g4 hxg4 37. fxg4 Kb6 38. h5 f6 39. Kd3 Kc5 40. Ke2 Kd6 41. Kf3 Kc5 42. Kg3 Kd6 43. Kh4 Kc5 44. g5 fxg5+ 45. Kxg5 d4 46. exd4+ exd4 47. Kf4 Kd5 48. Kf3 Ke5 49. Ke2 Kd6 50. Kd2 Kc5 51. Kc2 Kd6 52. Kd3 Kd5 53. b6 Kc6 54. b7 Kxb7 55. Kxd4 Kc6 56. Kc4 Kb6 57. Kd5 Kc7 58. Kc5 1-0

[Event "ESTCC U65 2018"]
[Site "Walbrzych"]
[Date "2018.04.21"]
[Round "8"]
[White "Rintakoski, Pentti"]
[Black "Ackermann, Hans Werner"]
[Result "0-1"]
[ECO "B06"]
[WhiteElo "1797"]
[BlackElo "2211"]
[Annotator "NA"]
[PlyCount "87"]
[EventDate "2018.??.??"]
[EventCountry "POL"]
[SourceTitle "playchess.com"]
[Source "ChessBase"]
[SourceQuality "1"]
[WhiteTeam "Finland"]
[BlackTeam "Germany"]
[WhiteTeamCountry "FIN"]
[BlackTeamCountry "GER"]
[TimeControl "40/5400+30:1800+30"]

1. e4 g6 2. Nf3 Bg7 3. Bc4 d6 4. h3 a6 5. d3 e6 6. Nbd2 Ne7 7. c3 O-O 8. Bb3 b6 9. O-O Bb7 10. Re1 c5 11. Nf1 Nbc6 12. Bg5 h6 13. Bf4 Kh7 14. Qd2 d5 15. Rad1 d4 16. c4 (16. Bg3 $11 {remains equal.}) 16... e5 17. Bg3 Qc7 $15 18. Qc1 Nd8 19. N1h2 Ne6 20. Ng4 f6 21. a3 h5 22. Ngh2 Bh6 23. Qc2 g5 24. Nf1 Rg8 25. Qe2 Ng6 26. Ba2 Ngf4 27. Qc2 Bc8 28. Kh1 Qd7 29. Ng1 Nxg2 30. Kxg2 Nf4+ 31. Kh1 Nxh3 32. f3 Nxg1 33. Kxg1 h4 34. Qh2 hxg3 35. Nxg3 Qh3 36. Re2 g4 37. Qxh3 gxh3 38. Kh2 Bf4 39. Rg1 Be6 40. Bb3 Rxg3 41. Rxg3 Rg8 42. Kh1 Rxg3 43. Rf2 Be3 44. Rf1 0-1

[Event "ESTCC U65 2018"]
[Site "Walbrzych"]
[Date "2018.04.21"]
[Round "8"]
[White "Heikkila, Raine"]
[Black "Lundgren, Ulf"]
[Result "0-1"]
[ECO "D02"]
[WhiteElo "1705"]
[BlackElo "1989"]
[Annotator "NA"]
[PlyCount "70"]
[EventDate "2018.??.??"]
[EventCountry "POL"]
[SourceTitle "playchess.com"]
[Source "ChessBase"]
[SourceQuality "1"]
[WhiteTeam "Finland"]
[BlackTeam "Sweden"]
[WhiteTeamCountry "FIN"]
[BlackTeamCountry "SWE"]
[TimeControl "40/5400+30:1800+30"]

1. d4 d5 2. Nf3 Nf6 3. h3 g6 4. Nc3 Bg7 5. Bf4 c6 {D00: 1 d4 d5: Unusual lines} 6. e3 O-O 7. Bd3 (7. Be2 Bf5 8. O-O Nbd7 9. Qc1 Re8 10. Bh2 Ne4 11. Nxe4 Bxe4 12. Ng5 Bf5 13. g4 e5 14. Nxf7 Kxf7 15. gxf5 exd4 {1-0 (45) Aronian,L (2793)-Giri,A (2771) Stavanger 2017}) 7... Re8 8. Ng5 $146 ({Predecessor:} 8. Bh2 Nfd7 9. Qd2 b5 10. O-O a5 11. e4 b4 12. Na4 {1-0 (34) Nabaty,T (2630)-Kozul,Z (2622) Baku 2016}) 8... Nfd7 9. h4 e5 10. dxe5 Nxe5 11. h5 Nxd3+ 12. Qxd3 Bf5 13. Qe2 d4 14. g4 dxc3 15. gxf5 cxb2 16. Rd1 Qa5+ 17. Kf1 Qxf5 18. hxg6 hxg6 19. Rh4 Nd7 20. e4 Qb5 $19 21. Qxb5 cxb5 22. f3 Nf6 23. Rh2 Nh5 24. Be3 a5 25. Rhd2 b4 26. Rd7 Rac8 27. R7d2 Bf6 28. Nh3 Red8 29. Nf2 Rxd2 30. Bxd2 Rxc2 31. Nd3 Bc3 32. Bh6 Ng3+ 33. Kg1 Bd4+ 34. Nf2 Bxf2+ 35. Kg2 Be3+ 0-1

[Event "ESTCC U65 2018"]
[Site "Walbrzych"]
[Date "2018.04.22"]
[Round "9"]
[White "Lisenko, Alexander V"]
[Black "Fernengel, Rudolf"]
[Result "1-0"]
[ECO "A15"]
[WhiteElo "2368"]
[BlackElo "1789"]
[Annotator "NA"]
[PlyCount "65"]
[EventDate "2018.??.??"]
[EventCountry "POL"]
[SourceTitle "playchess.com"]
[Source "ChessBase"]
[SourceQuality "1"]
[WhiteTeam "Russia"]
[BlackTeam "Germany"]
[WhiteTeamCountry "RUS"]
[BlackTeamCountry "GER"]
[TimeControl "40/5400+30:1800+30"]

1. c4 Nf6 2. g3 e6 3. Bg2 d5 4. Nf3 c6 5. b3 Nbd7 6. Bb2 Be7 7. O-O O-O 8. d3 Ne8 {[%emt 0:02:38] A14: English Opening: 1...e6 with b3 by White} (8... b5 9. Qc2 Bb7 10. e4 Rc8 11. e5 Ne8 12. Nc3 Nc7 13. h4 c5 14. Rfe1 a6 15. a4 bxc4 16. dxc4 Rb8 {0-1 (53) Pantsulaia,L (2581)-Bruzon Batista,L (2664) Tromsoe 2014}) 9. Nbd2 Bf6 10. d4 Nd6 11. Qc2 Re8 $146 ({Predecessor:} 11... g6 12. Ba3 Be7 13. Rfe1 f5 14. cxd5 exd5 15. e3 Nf6 16. Ne5 {½-½ (77) Pucarevic,M (2227)-Karadarevic,S (1831) Belgrade 2008}) 12. Ne5 Be7 13. f4 Nf8 14. e4 Nxe4 15. Nxe4 dxe4 16. Bxe4 f6 17. Nd3 Qa5 18. Bf3 Bd7 19. Bc3 Qb6 20. b4 a6 21. a4 Qc7 22. a5 Rad8 $18 23. Rfe1 Bd6 24. Re2 Bc8 25. Bh5 g6 26. Bf3 Qf7 27. Rae1 Bd7 28. Kg2 Kg7 29. Nf2 h5 30. Ne4 Be7 31. d5 exd5 32. Ng5 Qg8 33. Rxe7+ 1-0

[Event "ESTCC U65 2018"]
[Site "Walbrzych"]
[Date "2018.04.22"]
[Round "9"]
[White "Tunik, Gennady"]
[Black "Baumbach, Friedrich"]
[Result "1-0"]
[ECO "D37"]
[WhiteElo "2351"]
[BlackElo "2172"]
[Annotator "NA"]
[PlyCount "129"]
[EventDate "2018.??.??"]
[EventCountry "POL"]
[SourceTitle "playchess.com"]
[Source "ChessBase"]
[SourceQuality "1"]
[WhiteTeam "Russia"]
[BlackTeam "Germany"]
[WhiteTeamCountry "RUS"]
[BlackTeamCountry "GER"]
[TimeControl "40/5400+30:1800+30"]

1. d4 d5 2. c4 e6 3. Nf3 Nf6 4. Nc3 Be7 5. Bf4 O-O 6. e3 c5 7. dxc5 Qa5 8. Nd2 {[%emt 0:08:42] D37: Queen's Gambit Declined: 5 Bf4} (8. a3 dxc4 9. Bxc4 Qxc5 10. Qe2 Nbd7 11. e4 Nb6 12. Bd3 Bd7 13. Be5 Na4 14. Rc1 Rfc8 15. O-O Nxc3 16. Rxc3 Qb6 {1-0 (16) Moiseenko,A (2643)-Kharitonov,A (2569) Moscow 2008}) 8... dxc4 9. Nxc4 Qxc5 10. Bd6 Bxd6 11. Qxd6 Qxd6 12. Nxd6 Nc6 13. Bb5 Rd8 14. O-O-O Kf8 15. Bxc6 bxc6 {[%emt 0:01:09] [#]} 16. Nc4 $146 Bd7 17. e4 Ng4 18. Rd2 Be8 19. f3 Rxd2 20. Kxd2 Rd8+ 21. Ke2 Rd4 22. b3 Nf6 23. Ke3 Rd8 24. Rd1 Rxd1 25. Nxd1 c5 $16 26. Ne5 Ke7 27. Nd3 Nd7 28. Nc3 a6 29. e5 f6 30. exf6+ gxf6 31. Ne4 Nb6 32. Nexc5 a5 33. f4 a4 34. Nxa4 Nxa4 35. bxa4 Bxa4 36. Nc5 Bc6 37. g4 e5 38. a4 Kd6 39. Ne4+ Ke7 40. a5 Bb5 41. h4 Bf1 42. fxe5 fxe5 43. Ng5 h6 44. Nf3 Kd6 45. Ke4 Bg2 46. a6 Kc6 47. Ke3 Kb6 48. Nxe5 Kxa6 49. Nf7 Kb6 50. Nxh6 Kc7 51. g5 Kd6 52. g6 Ke7 53. g7 Bd5 54. Kf4 Kf6 55. g8=Q Bxg8 56. Nxg8+ Kf7 57. Nh6+ Kg6 58. Nf5 Kh5 59. Kg3 Kg6 60. Kg4 Kf6 61. h5 Kf7 62. Kg5 Kg8 63. Kg6 Kh8 64. h6 Kg8 65. Nd6 1-0

[Event "ESTCC U65 2018"]
[Site "Walbrzych"]
[Date "2018.04.22"]
[Round "9"]
[White "Baum, Bernd"]
[Black "Scrimgour, Alan"]
[Result "1/2-1/2"]
[ECO "A20"]
[WhiteElo "2290"]
[BlackElo "2083"]
[Annotator "NA"]
[PlyCount "184"]
[EventDate "2018.??.??"]
[EventCountry "POL"]
[SourceTitle "playchess.com"]
[Source "ChessBase"]
[SourceQuality "1"]
[WhiteTeam "Germany"]
[BlackTeam "Scotland"]
[WhiteTeamCountry "GER"]
[BlackTeamCountry "SCO"]
[TimeControl "40/5400+30:1800+30"]

1. c4 e5 2. g3 Nf6 3. Bg2 c6 4. d4 exd4 5. Qxd4 Na6 {[%emt 0:00:37] A20: English Opening: 1...e5} (5... d5 6. Nf3 Be6 7. cxd5 cxd5 8. Be3 Nc6 9. Qa4 Bb4+ 10. Nbd2 O-O 11. O-O d4 12. Bg5 h6 13. Bxf6 Qxf6 14. Ne4 {½-½ (64) Vallejo Pons,F (2710)-Inarkiev,E (2727) Moscow 2017}) 6. Nf3 Bc5 7. Qd1 d5 8. cxd5 Qxd5 9. Qxd5 Nxd5 10. a3 O-O 11. O-O Re8 $146 ({Predecessor:} 11... Be7 12. e4 Nb6 13. Nbd2 {0-1 (21) Hacche,D (2040)-Gorka,C (2149) Melbourne 2016}) 12. Re1 h6 13. b4 Bf8 14. Bb2 g6 15. Nbd2 Nb6 16. Rac1 Bg7 17. Bxg7 Kxg7 18. Nb3 Be6 19. Na5 Re7 20. Nd4 Bd5 21. e4 Rae8 22. Nxb7 Rxb7 23. exd5 Rxe1+ 24. Rxe1 cxd5 25. Rc1 Rd7 26. Nb5 d4 27. Bc6 Rd8 28. Bf3 Nb8 29. Nxa7 d3 30. Nb5 Na4 31. Bd1 Nb2 32. Rb1 Nc4 33. a4 Nc6 34. Nc3 Nd4 35. b5 Re8 36. b6 Nxb6 37. Rxb6 Ne2+ 38. Bxe2 dxe2 39. Nxe2 Rxe2 40. h4 h5 41. Kg2 Ra2 42. Ra6 Ra3 43. Ra8 Kh7 44. a5 Kg7 45. a6 Kh7 46. Kf1 Ra2 47. Ke1 $18 Kg7 48. Ra7 Kg8 49. Kf1 Kg7 50. Ra8 Kh7 51. Kg2 Ra3 52. Kg1 Ra2 53. Kf1 Kg7 54. Ke1 Kh7 55. a7 Kg7 56. Kd1 Kh7 57. Kc1 Kg7 58. Kb1 Ra5 59. Kb2 Ra6 60. Kc3 Ra1 61. Kd4 Rd1+ 62. Ke4 Re1+ 63. Kf4 Ra1 64. f3 Ra4+ 65. Ke5 Ra5+ 66. Kd6 Ra1 67. g4 Rd1+ 68. Ke5 hxg4 69. fxg4 Re1+ 70. Kf4 Rf1+ 71. Kg3 Rg1+ 72. Kf3 Rf1+ 73. Kg2 Ra1 74. h5 gxh5 75. gxh5 Ra2+ 76. Kf3 Ra4 77. Ke3 Kh7 78. Kd3 Kg7 79. Kc3 Kh7 80. Kb3 Ra1 81. Kc4 Rc1+ 82. Kd5 Rd1+ 83. Ke5 Re1+ 84. Kf6 Ra1 85. Kxf7 Rf1+ 86. Ke6 Re1+ 87. Kd5 Rd1+ 88. Kc4 Rc1+ 89. Kb3 Ra1 90. Kb2 Ra5 91. h6 Ra6 92. Kb3 Ra1 1/2-1/2